 Dungeon Crawl Stone Soup version 0.28.0-1-gb440e238dd (webtiles) character file.

Game seed: 174857910754133343

23461 mortz the Thaumaturge (level 13, -2/90 HPs)
             Began as a Human Conjurer on Feb 20, 2022.
             Was an Elder of Vehumet.
             Slain by a blink frog (14 damage)
             ... on level 2 of the Lair of Beasts on Feb 21, 2022.
             The game lasted 02:29:01 (20404 turns).

mortz the Thaumaturge (Human Conjurer)             Turns: 20404, Time: 02:29:01

Health: -2/90      AC:  9    Str: 15    XL:     13   Next: 35%
Magic:  13/29      EV: 28    Int: 22    God:    Vehumet [****..]
Gold:   173        SH:  0    Dex:  7    Spells: 4/36 levels left

rFire   + . .      SeeInvis +   b - +0 war axe (flame)
rCold   . . .      Faith    .   (no shield)
rNeg    . . .      Spirit   .   d - +0 leather armour
rPois   .          Reflect  .   (no helmet)
rElec   .          Harm     .   N - +0 cloak
rCorr   .          Rampage  .   M - +2 pair of gloves of Entitlement {Str+6 Dex-5 SInv Stlth+}
Will    .....                   j - +0 pair of boots
Stlth   +++.......              t - amulet of the acrobat
HPRegen 0.25/turn               v - ring of protection from fire
MPRegen 0.21/turn               S - +4 ring of slaying

@: acrobatic, slowed, very slow
A: no striking features
a: Renounce Religion


You were on level 2 of the Lair of Beasts.
You worshipped Vehumet.
Vehumet was greatly pleased with you.
You visited 3 branches of the dungeon, and saw 14 of its levels.

You collected 716 gold pieces.
You spent 543 gold pieces at shops.

Inventory:

Hand Weapons
 b - a +0 war axe of flaming (weapon)
 h - a +0 falchion
 n - a +0 eveningstar of protection
 o - a +2 mace of protection
 w - a +3 vorpal flail
 x - a +3 morningstar
 y - a +4 halberd
 z - a +2 flail of protection
 B - a +4 dagger
 F - a +0 dagger of flaming
 G - a +2 dagger of venom
 O - a +0 dagger of draining
Missiles
 e - 6 silver boomerangs
 l - 14 poisoned darts
 C - 2 curare-tipped darts
 Q - 6 atropa-tipped darts
Armour
 d - a +0 leather armour (worn)
 j - a +0 pair of boots (worn)
 p - a +1 pair of gloves
 M - the +2 pair of gloves of Entitlement (worn) {Str+6 Dex-5 SInv Stlth+}
   (You bought it in a shop on level 6 of the Dungeon)

   Str:       It affects your strength (+6).
   Dex:       It affects your dexterity (-5).
   SInv:      It lets you see invisible.
   Stlth:     It makes you more stealthy.
 N - a +0 cloak (worn)
Magical Staves
 K - a staff of cold
Jewellery
 t - an amulet of the acrobat (around neck)
 v - a ring of protection from fire (left hand)
 S - a +4 ring of slaying (right hand)
Wands
 a - a wand of charming (8)
 g - a wand of acid (8)
 r - a wand of iceblast (5)
 D - a wand of digging (5)
 P - a wand of polymorph (9)
 R - a wand of paralysis (2)
Scrolls
 i - 3 scrolls of vulnerability
 k - 3 scrolls of torment
 m - 7 scrolls of teleportation
 A - 3 scrolls of amnesia
 E - 3 scrolls of immolation
 H - a scroll of enchant armour {unknown}
 I - a scroll of silence {unknown}
 L - a scroll of blinking {unknown}
Potions
 c - 5 potions of curing
 f - a potion of mutation
 q - a potion of cancellation
 s - a potion of brilliance
 u - a potion of ambrosia
 J - a potion of resistance {unknown}


   Skills:
 + Level 4.7 Fighting
 + Level 0.9 Short Blades
 * Level 2.4(2.7) Axes
 + Level 0.3(1.5) Maces & Flails
 + Level 1.2(2.0) Polearms
 - Level 2.0 Throwing
 + Level 6.6 Armour
 + Level 7.1 Dodging
 + Level 5.1 Stealth
 + Level 12.0 Spellcasting
 + Level 11.1 Conjurations
 + Level 3.0 Hexes
 + Level 5.9 Fire Magic
 + Level 0.7 Earth Magic
 + Level 0.7 Evocations


You had 4 spell levels left.
You knew the following spells:

 Your Spells              Type           Power      Damage    Failure   Level
a - Magic Dart            Conj           100%       1d8       1%          1
b - Searing Ray           Conj           100%       2d8       1%          2
c - Dazzling Flash        Conj/Hex       88%        N/A       1%          3
d - Stone Arrow           Conj/Erth      78%        3d11      1%          3
e - Foxfire               Conj/Fire      100%       2x1d9     1%          1
f - Scorch                Fire           78%        2d9       1%          2
g - Static Discharge      Conj/Air       37%        N/A       1%          2
h - Sticky Flame          Conj/Fire      50%        2d7       1%          4
i - Ignite Poison         Fire/Tmut/Pois 21%        N/A       2%          3
j - Fulminant Prism       Conj/Hex       22%        3d13      1%          4
k - Iskenderun's Mystic   Conj/Tloc      37%        2d9       1%          4
l - Inner Flame           Hex/Fire       32%        N/A       1%          3

Your spell library contained the following spells:

 Spells                   Type           Power      Damage    Failure   Level
 Sandblast                Erth           32%        2d9       1%          1
 Passwall                 Tmut/Erth      11%        N/A       8%          2
 Gell's Gravitas          Tloc           13%        N/A       17%         3
 Teleport Other           Tloc           13%        N/A       17%         3
 Animate Armour           Summ/Erth      28%        N/A       45%         4
 Dispel Undead            Necr           13%        3d9       50%         4
 Lehudib's Crystal Spear  Conj/Erth      19%        10d6      99%         8
 Dispersal                Tloc           6%         N/A       100%        6


Dungeon Overview and Level Annotations

Branches:
Dungeon (11/15)            Temple (1/1) D:4            Lair (3/6) D:11
  Swamp: Lair:2-4    Shoals: Lair:2-4     Snake: Lair:2-4    Spider: Lair:2-4
    Orc: D:9-12

Altars:
Ashenzari
Cheibriados
Dithmenos
Elyvilon
Fedhas
Gozag
Hepliaklqana
Kikubaaqudgha
Makhleb
Nemelex Xobeh
Okawaru
Qazlal
Ru
Sif Muna
Trog
Uskayaw
Vehumet
Wu Jian
Xom
Yredelemnul
Zin
The Shining One
Beogh

Shops:
D:6 [**


Message History

Aiming: Sticky Flame (mildly dangerous; 1% risk of failure)
Press: ? - help, Shift-Dir - straight line, f - blink frog, p - bog body
Aim: a blink frog (heavily wounded, 100% to hit)
The sticky flame hits the blink frog!
The blink frog is severely wounded.
The blink frog is covered in liquid flames!
The bog body burns! x2; The blink frog burns! x2
You kill the blink frog!
Vehumet accepts your kill.
You feel your power returning. The bog body casts a spell at you.
You resist with significant effort.
Casting: Sticky Flame (mildly dangerous; 1% risk of failure)
Confirm with . or Enter, or press ? or * to list all spells.
Aiming: Searing Ray (safe; 1% risk of failure)
Press: ? - help, Shift-Dir - straight line, f - basilisk
Aim: a basilisk (moderately wounded, 79% to hit)
The searing ray hits the bog body.
You destroy the bog body!
Vehumet accepts your kill.
The searing ray hits the basilisk!
The basilisk is severely wounded. (Press . to maintain the ray.)
The blink frog hits you!
An elephant comes into view.
The blink frog barely misses you. The basilisk gazes at you.
You easily resist.
Your Spellcasting skill increases to level 12!
Your Hexes skill increases to level 3!
The blink frog hits you!
* * * LOW HITPOINT WARNING * * *
The basilisk bites you!
* * * LOW HITPOINT WARNING * * *
The blink frog barely misses you.
You climb upwards.
There is a stone staircase leading down here.
The basilisk gazes at you.
You easily resist.
The blink frog hits you!
You die...

....####......##......#...P#
....#.####....###.......#..#
......# ###.## #.#....#####
......#### #.#####....##
......##P###...# #...##
.........##...#####..#
....>.........P##P...#
....................###
..###...........@F...P# ###
##.##†.......>..P## #
###.##......l...#
###...........##### ####
####..........##..######
#..##
#.###.##..............P#
..#.#
##....#...............P#
...##
#....###...##..#..#...##
....#
##...######....####...#


You could see a basilisk and a blink frog.

Vanquished Creatures
  2 hydras (Lair:1)
  A two-headed ogre (D:8)
  Urug (Lair:3)
  A bog body (Lair:3)
  A deep elf pyromancer (D:10)
  An ugly thing (D:11)
  A cyclops (D:11)
  2 black mambas (Lair:2)
  2 elephants (Lair:2)
  7 cane toads
  Joseph (D:6)
  A torpor snail (Lair:2)
  2 unseen horrors
  2 rime drakes (Lair:2)
  4 komodo dragons
  A troll (D:10)
  7 blink frogs
  2 vampires
  A wraith (D:11)
  24 yaks
  A wyvern (D:8)
  3 basilisks
  An acid dragon (D:10)
  6 water moccasins
  An ice beast (D:6)
  A sky beast (D:8)
  A black bear (D:4)
  5 orc warriors
  5 ogres
  2 necrophages
  25 wolves
  4 centaurs
  2 kobold brigands
  4 scorpions
  5 bullfrogs
  A water moccasin zombie (D:7)
  10 killer bees
  4 wights (D:7)
  3 howler monkeys (D:9)
  7 centaur zombies
  A hound (D:6)
  A jelly (D:6)
  A gnoll shaman (D:7)
  2 orc priests
  A bullfrog zombie (D:3)
  11 orc wizards
  3 howler monkey zombies
  3 gnolls (D:7)
  A white imp (D:6)
  2 worms
  33 orcs
  5 ball pythons
  8 endoplasms
  3 hobgoblins
  5 jackals
  11 kobolds
  A quokka (D:2)
  4 bats (D:1)
  2 frilled lizards
  6 goblins
  4 rats
263 creatures vanquished.

Vanquished Creatures (collateral kills)
  A foxfire (Lair:3)
1 creature vanquished.

Vanquished Creatures (others)
  24 foxfires
  42 fulminant prisms
  20 fungi
  13 plants
99 creatures vanquished.

Grand Total: 363 creatures vanquished

Notes
Turn   | Place    | Note
-------+----------+-------------------------------------------
     0 | D:1      | mortz the Human Conjurer began the quest for the Orb.
     0 | D:1      | Reached XP level 1. HP: 13/13 MP: 3/3
   124 | D:1      | Reached XP level 2. HP: 19/19 MP: 1/5
   342 | D:1      | Learned a level 2 spell: Searing Ray
   596 | D:1      | Reached XP level 3. HP: 24/24 MP: 1/6
  2050 | D:2      | Found a faded altar of an unknown god.
  2223 | D:3      | Found an opulent altar of Gozag.
  2877 | D:3      | Reached skill level 5 in Conjurations
  2877 | D:3      | Reached XP level 4. HP: 20/30 MP: 0/7
  3088 | D:4      | Noticed a black bear
  3172 | D:4      | Noticed an ogre
  3183 | D:4      | Noticed a necrophage
  3189 | D:4      | Killed a necrophage
  3189 | D:4      | Noticed an ogre
  3190 | D:4      | Reached skill level 1 in Armour
  3190 | D:4      | Reached XP level 5. HP: 35/35 MP: 0/8
  3286 | D:4      | Killed an ogre
  3287 | D:4      | Reached skill level 3 in Spellcasting
  3287 | D:4      | Reached XP level 6. HP: 41/41 MP: 2/10
  3357 | D:4      | Killed an ogre
  3642 | D:4      | Found a staircase to the Ecumenical Temple.
  3648 | Temple   | Entered the Ecumenical Temple
  3712 | Temple   | Became a worshipper of Vehumet
  3768 | D:4      | Reached XP level 7. HP: 17/46 MP: 1/12
  4256 | D:4      | You fall into a shaft and drop 2 floors!
  4290 | D:6      | Reached skill level 4 in Spellcasting
  4427 | D:6      | Reached XP level 8. HP: 10/53 MP: 6/14
  4814 | D:6      | Found Orusk's General Store.
  4816 | D:6      | Found Plog's Specific Store.
  4820 | D:6      | Bought a scroll of identify for 28 gold pieces
  4820 | D:6      | Bought a potion of brilliance for 56 gold pieces
  5556 | D:6      | Found Hesoazxerr's Armour Shoppe.
  5691 | D:7      | Noticed Joseph
  5704 | D:6      | Killed Joseph
  5705 | D:6      | Reached skill level 1 in Fighting
  5705 | D:6      | Reached skill level 1 in Throwing
  5705 | D:6      | Reached skill level 5 in Spellcasting
  6177 | D:7      | Reached XP level 9. HP: 59/59 MP: 3/17
  6764 | D:7      | Reached skill level 6 in Spellcasting
  7124 | D:7      | Learned a level 3 spell: Dazzling Flash
  7128 | D:7      | Learned a level 3 spell: Stone Arrow
  7163 | D:7      | Reached * piety under Vehumet
  7163 | D:7      | Offered knowledge of Foxfire by Vehumet.
  7188 | D:7      | Learned a level 1 spell: Foxfire
  7837 | D:8      | Noticed a two-headed ogre
  7861 | D:8      | Killed a two-headed ogre
  7862 | D:8      | Reached skill level 5 in Armour
  7862 | D:8      | Reached skill level 7 in Spellcasting
  7862 | D:8      | Reached XP level 10. HP: 39/67 MP: 8/20
  8175 | D:8      | Reached skill level 1 in Polearms
  8176 | D:8      | Reached skill level 5 in Stealth
  9333 | D:9      | Offered knowledge of Scorch by Vehumet.
  9337 | D:9      | Learned a level 2 spell: Scorch
  9352 | D:9      | Reached ** piety under Vehumet
 10056 | D:9      | Reached skill level 8 in Spellcasting
 10376 | D:10     | Entered Level 10 of the Dungeon
 10656 | D:10     | Learned a level 2 spell: Static Discharge
 10656 | D:10     | Noticed a deep elf pyromancer
 11325 | D:10     | Reached skill level 1 in Fire Magic
 11917 | D:10     | Killed an unseen horror
 11918 | D:10     | Reached XP level 11. HP: 46/75 MP: 12/23
 12425 | D:10     | Killed a deep elf pyromancer
 12512 | D:11     | Reached skill level 9 in Spellcasting
 12882 | D:11     | Reached skill level 5 in Dodging
 12974 | D:11     | Noticed a cyclops
 13100 | D:11     | Killed a cyclops
 13523 | D:11     | Noticed a purple ugly thing
 13535 | D:11     | Killed a purple ugly thing
 13913 | D:11     | Found a staircase to the Lair.
 14149 | D:6      | Bought the +2 pair of gloves of Entitlement {Str+6 Dex-5
                  | SInv Stlth+} for 459 gold pieces
 14312 | Lair:1   | Entered Level 1 of the Lair of Beasts
 14409 | D:11     | Reached skill level 10 in Spellcasting
 14595 | Lair:1   | Offered knowledge of Ignite Poison by Vehumet.
 14645 | Lair:1   | Learned a level 4 spell: Sticky Flame
 14649 | Lair:1   | Learned a level 3 spell: Ignite Poison
 15246 | Lair:1   | Reached skill level 10 in Conjurations
 15246 | Lair:1   | Reached XP level 12. HP: 72/83 MP: 20/26
 15627 | Lair:1   | Noticed a six-headed hydra
 15694 | Lair:1   | Killed a six-headed hydra
 15694 | Lair:1   | Reached *** piety under Vehumet
 15702 | Lair:1   | Learned a level 4 spell: Fulminant Prism
 15707 | Lair:1   | Learned a level 4 spell: Iskenderun's Mystic Blast
 16518 | Lair:1   | Noticed a six-headed hydra
 16527 | Lair:1   | Killed a six-headed hydra
 17142 | Lair:1   | Reached skill level 11 in Spellcasting
 17153 | Lair:1   | Reached skill level 1 in Hexes
 17202 | Lair:1   | Offered knowledge of Inner Flame by Vehumet.
 17325 | D:11     | Learned a level 3 spell: Inner Flame
 18268 | Lair:2   | Reached skill level 5 in Fire Magic
 18798 | Lair:2   | Reached XP level 13. HP: 66/90 MP: 21/28
 19033 | Lair:2   | Reached skill level 1 in Axes
 19806 | Lair:3   | Noticed a seven-headed hydra
 19806 | Lair:3   | Noticed a six-headed hydra
 19825 | Lair:3   | Noticed Urug
 19833 | Lair:3   | Killed Urug
 20204 | Lair:2   | Reached **** piety under Vehumet
 20402 | Lair:3   | Reached skill level 12 in Spellcasting
 20404 | Lair:2   | Slain by a blink frog

Illustrated notes

Levels and vault maps discovered:
D:1:      amcnicky_arrival_single_pillar, layout_basic, grunt_decor_fettered
D:2:      layout_loops_corners, shapermc_ecumenical_altar_mp_ritualfount
D:3:      layout_basic, nicolae_gozag_seed_capital, minivault_24
D:4:      layout_basic, minmay_temple_entry_statues
D:6:      layout_loops_ring, serial_shops, kennysheep_mini_moat,
          nicolae_specific_store, nicolae_lava_and_water
D:7:      layout_basic, uniq_joseph
D:8:      layout_rooms
D:9:      layout_roguey [special_room_orc]
D:10:     layout_loops_cross
D:11:     layout_rooms, grunt_lair_entry_orc_guard_hut
Temple:   compressed_dpeg_circular_temple
Lair:1:   layout_hall_layers, grunt_megastairs_5
Lair:2:   layout_cave_pods
Lair:3:   layout_hall_layers, skrybe_swamp_entry_bodies, uniq_urug

Skill      XL: |  1  2  3  4  5  6  7  8  9 10 11 12 13 |
---------------+----------------------------------------+-----
Conjurations   | 5 6 7 8 9 10 11 | 11.1
Armour         | 1 2 3 4 5 6 |  6.6
Stealth        | 3 4 5 |  5.1
Spellcasting   | 3 4 5 7 8 10 11 12 | 12.0
Fighting       | 1 2 3 4 |  4.7
Throwing       | 1 2 |  2.0
Dodging        | 3 4 5 6 7 |  7.1
Polearms       | 1 |  1.2
Fire Magic     | 1 3 5 |  5.9
Hexes          | 2 3 |  3.0
Axes           | 2 |  2.4
Short Blades   | |  0.9
Maces & Flails | |  0.3
Earth Magic    | |  0.7
Evocations     | |  0.7

Action                   |  1- 3 |  4- 6 |  7- 9 | 10-12 | 13-15 || total
-------------------------+-------+-------+-------+-------+-------++-------
Melee: Short sword       |     2 |       |       |       |       ||     2
       Mace              |       |       |     1 |       |       ||     1
       Halberd           |       |       |     7 |       |       ||     7
       Flail             |       |       |       |    10 |       ||    10
       War axe           |       |       |       |       |     3 ||     3
Throw: Dart              |       |       |    15 |       |       ||    15
 Cast: Magic Dart        |    53 |    12 |    25 |   127 |     4 ||   221
       Searing Ray       |     6 |     8 |    56 |   134 |     7 ||   211
       Foxfire           |       |       |     2 |     6 |     7 ||    15
       Scorch            |       |       |       |    48 |    26 ||    74
       Dazzling Flash    |       |       |       |     1 |       ||     1
       Sticky Flame      |       |       |       |    11 |    10 ||    21
       Fulminant Prism   |       |       |       |    28 |    14 ||    42
       Iskenderun's Myst |       |       |       |       |     2 ||     2
       Stone Arrow       |       |       |       |       |     2 ||     2
Evoke: Wand              |       |       |       |     3 |       ||     3
  Use: Scroll            |       |       |     5 |     7 |     2 ||    14
       Potion            |       |       |       |     2 |       ||     2
Armor: Robe              |     1 |       |       |       |       ||     1
       Leather armour    |     3 |     4 |    11 |    98 |    23 ||   139
Dodge: Dodged            |     3 |     1 |    65 |   388 |    48 ||   505
